 Dungeon Crawl Stone Soup version 0.30-a0-377-g5cb311bc9f (webtiles) character file.

Game seed: 11412981871547874226

603736 Lobster4 the Slayer (level 27, -21/190 HPs)
             Began as a Human Wanderer on Nov 29, 2022.
             Was an Elder of Fedhas.
             Killed from afar by an orb of fire (84 damage)
             ... with a fireball
             ... on level 5 of the Realm of Zot on Dec 1, 2022.
             The game lasted 07:17:00 (125532 turns).

Lobster4 the Slayer (Human Wanderer)              Turns: 125532, Time: 07:17:01

Health: -21/190    AC: 29    Str: 23    XL:     27
Magic:  40/40      EV: 16    Int: 19    God:    Fedhas [****..]
Gold:   5241       SH: 15    Dex: 13    Spells: 27/51 levels left

rFire   . . .      SeeInvis +    a - +8 trishula "Condemnation" {holy, anguish, *Noise Fly rN+}
rCold   + + .      Faith    .    u - +2 kite shield {reflect}
rNeg    + + .      Spirit   .    g - +6 scale mail of Insecurity {Str+6 Dex-3 SInv Stlth+}
rPois   +          Reflect  +    z - +0 helmet "Oreinto" {rN+ Int+2 Stlth+}
rElec   +          Harm     .    w - +2 cloak {rPois}
rCorr   .          Rampage  +    X - +2 pair of gloves
Will    ++...      Clarity  +    i - +2 pair of boots {rampage}
Stlth   ++++......               h - amulet of the acrobat
HPRegen 0.51/turn                J - ring "Ongus" {rElec rF+ MP+9 Dex+2 Stlth+}
MPRegen 0.27/turn                Q - ring of Xidilij {rC++ AC+4}

@: flying, studying Transmutations
A: hooves 1, clarity, clumsy 1, deformed body, frail 2, low MP 2, weak 1, heat
vulnerability 1
}: 3/15 runes: decaying, serpentine, silver
a: Renounce Religion, Wall of Briars, Grow Ballistomycete, Overgrow


You were on level 5 of the Realm of Zot.
You worshipped Fedhas.
Fedhas was greatly pleased with you.
You visited 11 branches of the dungeon, and saw 51 of its levels.
You visited the Abyss 1 time.
You also visited: Sewer.

You collected 7680 gold pieces.
You spent 2439 gold pieces at shops.

Inventory:

Hand Weapons
 a - the +8 trishula "Condemnation" (weapon) {holy, anguish, *Noise Fly rN+}
   (You took it off a deep elf sorcerer on level 3 of the Elven Halls)

   It has been blessed by the Shining One to cause great damage to the undead
   and demons.
   It inflicts anguish, making its victims' attacks reflect back on them.
   rN:        It protects you from negative energy.
   Fly:       It grants you flight.
   *Noise:    It may make noises in combat.
 b - the +5 sling "Peherir" {freeze, rF+ rC+ Int+4}
   (You found it on level 2 of the Swamp)

   Any ammunition fired from it freezes those it strikes, dealing additional
   cold damage.
   It can also slow down cold-blooded creatures.
   Int:       It affects your intelligence (+4).
   rF:        It protects you from fire.
   rC:        It protects you from cold.
 c - the +7 flail of Execution {vorpal, rElec Will+}
   (You found it on level 12 of the Dungeon)

   It inflicts extra damage upon your enemies.
   rElec:     It insulates you from electricity.
   Will:      It increases your willpower.
Missiles
 r - 7 silver boomerangs (quivered)
 F - 6 boomerangs of dispersal
Armour
 g - the +6 scale mail of Insecurity (worn) {Str+6 Dex-3 SInv Stlth+}
   (You took it off a deep elf high priest on level 3 of the Elven Halls)

   Str:       It affects your strength (+6).
   Dex:       It affects your dexterity (-3).
   SInv:      It lets you see invisible.
   Stlth:     It makes you more stealthy.
 i - a +2 pair of boots of rampaging (worn)
 u - a +2 kite shield of reflection (worn)
 w - a +2 cloak of poison resistance (worn)
 z - the +0 helmet "Oreinto" (worn) {rN+ Int+2 Stlth+}
   (You acquired it on level 9 of the Dungeon)

   Int:       It affects your intelligence (+2).
   rN:        It protects you from negative energy.
   Stlth:     It makes you more stealthy.
 K - the +1 robe "Daxzalli" {rElec rF- Will+ rCorr}
   (You bought it in a shop on level 2 of the Orcish Mines)

   rF:        It makes you vulnerable to fire.
   rElec:     It insulates you from electricity.
   rCorr:     It protects you from acid and corrosion.
   Will:      It increases your willpower.
 M - the +1 cloak of Starlight {*Dazzle EV+4 Stlth--}
   (You found it on level 3 of the Elven Halls)

   It may blind those who miss an attack against the wearer in melee combat.
   EV:        It affects your evasion (+4).
   Stlth:     It makes you much less stealthy.
 X - a +2 pair of gloves (worn)
Jewellery
 e - an amulet of reflection
 h - an amulet of the acrobat (around neck)
 v - a ring of protection from fire
 E - the ring "Linly" {rN+ Will+ Dex+4 Stlth+}
   (You found it on level 4 of the Realm of Zot)

   [ring of willpower]

   Dex:       It affects your dexterity (+4).
   rN:        It protects you from negative energy.
   Will:      It increases your willpower.
   Stlth:     It makes you more stealthy.
 J - the ring "Ongus" (left hand) {rElec rF+ MP+9 Dex+2 Stlth+}
   (You acquired it on level 2 of the Orcish Mines)

   [ring of protection from fire]

   Dex:       It affects your dexterity (+2).
   rF:        It protects you from fire.
   rElec:     It insulates you from electricity.
   MP:        It affects your magic capacity (+9).
   Stlth:     It makes you more stealthy.
 P - a ring of see invisible
 Q - the ring of Xidilij (right hand) {rC++ AC+4}
   (You took it off a deep elf demonologist on level 3 of the Elven Halls)

   [ring of protection]

   AC:        It affects your AC (+4).
   rC:        It greatly protects you from cold.
 U - a ring of flight
Wands
 k - a wand of polymorph (2)
 l - a wand of digging (15)
 n - a wand of mindburst (25)
 o - a wand of light (21)
 G - a wand of iceblast (21)
 Z - a wand of paralysis (57)
Scrolls
 d - 2 scrolls of poison
 j - 6 scrolls of magic mapping
 p - 12 scrolls of teleportation
 y - a scroll of fear
 C - 9 scrolls of fog
 L - a scroll of silence
Potions
 f - a potion of berserk rage
 q - 6 potions of curing
 t - 3 potions of cancellation
 x - 3 potions of haste
 A - 9 potions of brilliance
 B - 4 potions of magic
 D - a potion of invisibility
 I - 7 potions of lignification
 O - 4 potions of heal wounds
 S - a potion of might
 T - 6 potions of resistance
 W - 2 potions of mutation
Miscellaneous
 m - a lightning rod (4/4)
 H - a box of beasts
 N - a tin of tremorstones (2/2)
 R - a phantom mirror (inert)
 Y - a condenser vane


   Skills:
 + Level 24.3 Fighting
 - Level 15.0 Maces & Flails
 + Level 19.7 Polearms
 - Level 5.0 Ranged Weapons
 - Level 3.0 Throwing
 - Level 15.0 Armour
 - Level 17.0 Dodging
 - Level 2.0 Stealth
 - Level 14.0 Shields
 - Level 2.0 Unarmed Combat
 + Level 12.6 Spellcasting
 - Level 19.0 Conjurations
 - Level 7.0 Fire Magic
 - Level 6.0 Air Magic
 - Level 13.0 Earth Magic
 - Level 13.0 Invocations
 - Level 5.0 Evocations


You had 27 spell levels left.
You knew the following spells:

 Your Spells              Type           Power      Damage    Failure   Level
a - Magic Dart            Conj           100%       1d8       0%          1
b - Stone Arrow           Conj/Erth      100%       3d13      1%          3
c - Static Discharge      Conj/Air       100%       2-7/arc   1%          2
d - Flame Wave            Conj/Fire      57%        2d14      1%          4
e - Iron Shot             Conj/Erth      32%        9d7       4%          6
f - Swiftness             Air            34%        N/A       5%          3
g - Fireball              Conj/Fire      28%        3d12      2%          5

Your spell library contained the following spells:

 Spells                   Type           Power      Damage    Failure   Level
 Foxfire                  Conj/Fire      100%       2x1d9     1%          1
 Sandblast                Erth           100%       2d20      1%          1
 Passwall                 Tmut/Erth      30%        N/A       1%          2
 Scorch                   Fire           76%        2d8       1%          2
 Dazzling Flash           Conj/Hex       96%        N/A       1%          3
 Hailstorm                Conj/Ice       48%        3d11      1%          3
 Mephitic Cloud           Conj/Pois/Air  43%        N/A       1%          3
 Sticky Flame             Conj/Fire      57%        2d7       1%          4
 Arcjolt                  Conj/Air       28%        1d38      3%          5
 Lightning Bolt           Conj/Air       28%        1d44      3%          5
 Iskenderun's Mystic Bla  Conj/Tloc      48%        2d11      4%          4
 Poisonous Vapours        Pois/Air       46%        N/A       9%          2
 Cigotuvi's Dreadful Rot  Necr/Pois/Air  38%        N/A       14%         2
 Inner Flame              Hex/Fire       25%        N/A       14%         3
 Animate Armour           Summ/Erth      72%        N/A       14%         4
 Starburst                Conj/Fire      28%        6d9       16%         6
 Vhi's Electric Charge    Tloc/Air       46%        N/A       19%         3
 Conjure Ball Lightning   Conj/Air       28%        3x3d8     19%         6
 Freeze                   Ice            44%        1d6       21%         1
 Necrotise                Necr           44%        1d6       21%         1
 Ignite Poison            Fire/Tmut/Pois 20%        N/A       24%         3
 Call Imp                 Summ           11%        N/A       30%         2
 Borgnjor's Vile Clutch   Necr/Erth      18%        N/A       36%         5
 Frozen Ramparts          Ice            22%        1d4       52%         3
 Gell's Gravitas          Tloc           11%        N/A       52%         3
 Summon Guardian Golem    Hex/Summ       11%        N/A       52%         3
 Teleport Other           Tloc           11%        N/A       52%         3
 Vampiric Draining        Necr           11%        2d6       52%         3
 Summon Lightning Spire   Summ/Air       23%        N/A       52%         4
 Silence                  Hex/Air        11%        N/A       86%         5
 Lehudib's Crystal Spear  Conj/Erth      32%        10d8      88%         8
 Anguish                  Hex/Necr       5%         N/A       90%         4
 Animate Dead             Necr           11%        N/A       90%         4
 Ice Form                 Ice/Tmut       11%        N/A       90%         4
 Olgreb's Toxic Radiance  Pois           11%        N/A       90%         4
 Passage of Golubria      Tloc           11%        N/A       90%         4
 Summon Ice Beast         Ice/Summ       11%        N/A       90%         4
 Agony                    Necr           11%        N/A       99%         5
 Alistair's Intoxication  Tmut/Pois      7%         N/A       99%         5
 Blade Hands              Tmut           5%         N/A       99%         5
 Summon Mana Viper        Hex/Summ       11%        N/A       99%         5
 Death Channel            Necr           5%         N/A       100%        6
 Dispersal                Tloc           5%         N/A       100%        6
 Eringya's Noxious Bog    Tmut/Pois      5%         N/A       100%        6
 Summon Cactus Giant      Summ           5%         N/A       100%        6
 Enfeeble                 Hex            5%         N/A       100%        7
 Haunt                    Necr/Summ      5%         N/A       100%        7
 Monstrous Menagerie      Summ           5%         N/A       100%        7
 Ozocubu's Refrigeration  Ice            5%         4d8       100%        7
 Ignition                 Fire           19%        3d7       100%        8
 Infestation              Necr           5%         N/A       100%        8
 Chain Lightning          Conj/Air       28%        3d37      100%        9


Dungeon Overview and Level Annotations

Branches:
Dungeon (15/15)            Temple (1/1) D:6            Lair (5/5) D:8
  Swamp (4/4) Lair:3        Snake (4/4) Lair:2        Slime (0/5) Lair:5
    Orc (2/2) D:11            Elf (3/3) Orc:2        Vaults (5/5) D:13
  Crypt (3/3) Vaults:2       Tomb (0/3) Crypt:3      Depths (4/4) D:15
    Zot (5/5) Depths:4      Sewer (visited)

Altars:
Ashenzari
Cheibriados
Dithmenos
Elyvilon
Fedhas
Gozag
Hepliaklqana
Kikubaaqudgha
Makhleb
Nemelex Xobeh
Okawaru
Qazlal
Ru
Sif Muna
Trog
Uskayaw
Vehumet
Wu Jian
Xom
Yredelemnul
Zin
The Shining One
Jiyva

Shops:
D:3 [   D:6 (   Orc:1 [   Orc:2 :?[:!   Elf:2 =(   Vaults:2 :   Vaults:5 ??[

Portals:
Hell: Depths:1 Depths:2 Depths:3 Depths:4
Abyss: Depths:2 Depths:3
Pandemonium: Depths:2
Ziggurat: Depths:2

Annotations:
Swamp:3 2 transporters
Swamp:4 Kirke
Snake:4 Roxanne
Zot:5 1 exclusion


Innate Abilities, Weirdness & Mutations

You have large cloven feet.
You possess an exceptional clarity of mind.
You are clumsy. (Dex -2)
Armour fits poorly on your strangely shaped body.
You are very frail. (-20% HP)
Your magical capacity is very low. (-20% MP)
You are weak. (Str -2)
You are vulnerable to heat. (rF-)


Message History

A ballistomycete spore comes into view.
You rampage towards the orb of fire!
The orb of fire glows bright magenta.
The fireball explodes!
The fireball engulfs you!!!
The fireball engulfs the orb of fire.
The orb of fire completely resists.
You miss the orb of fire. You miss the orb of fire.
You impale the orb of fire!!
The orb of fire is haunted by guilt!
The orb of fire is lightly damaged.
The orb of fire glows red.
The bolt of fire hits you!!!
The orb of fire is wracked by anguish!!!
You closely miss the orb of fire.
The orb of fire is heavily damaged.
The orb of fire emits a lurid red light.
Strange energies course through your body.
Your body twists and deforms.
You miss the orb of fire.
The orb of fire is heavily damaged.
Your ballistomycete spore explodes!
The explosion of spores engulfs you!
You feel momentarily confused.
The explosion of spores engulfs the orb of fire!
The orb of fire is heavily damaged.
You hit the orb of fire.
The orb of fire is heavily damaged.
You hit the orb of fire but do no damage.
The orb of fire is heavily damaged.
You miss the orb of fire.
The orb of fire is heavily damaged.
You hit the orb of fire but do no damage.
The orb of fire is heavily damaged.
The orb of fire glows red.
Strange energies course through your body.
You feel less energetic.
You impale the orb of fire!!
The orb of fire is severely damaged.
The orb of fire glows red.
The fireball explodes!
The fireball engulfs you!!!!
You die...
Fedhas appreciates your contribution to the ecosystem.

▓▓.....##▓▓▓▓▓▓▓▓▓▓▓#
▓▓...............▓▓▓▓
▓▓...................▓##
▓▓......................##
▓........................# ▓▓
▓..........P.............▓▓▓.
▓▓.......................▓▓..
▓▓.....................^▓...
▓▓........@...^............
▓▓...^....*.............▓...
▓▓.................^.....▓▓..
▓........^...............▓▓▓.
▓........................▓ ▓▓
▓▓......................▓▓
▓▓^..........^......^▓▓▓
▓▓▓▓.^..^........▓▓▓▓
▓▓▓▓▓▓▓▓▓▓▓▓▓▓▓


You could see an orb of fire (ally target, anguished) and a friendly
ballistomycete (summoned, misshapen).

Vanquished Creatures
  A dread lich (Vaults:5)
  Khufu (Crypt:1)
  3 orbs of fire (Zot:5)
  2 ancient liches (Zot:5)
  A royal mummy (Crypt:3)
  Frederick (Vaults:5)
  2 Killer Klowns (Zot:5)
  4 caustic shrikes
  2 curse toes
  5 golden dragons
  A profane servitor (Crypt:3)
  3 bone dragons
  3 electric golems
  Jorgrun (Elf:2)
  A Hell Sentinel (Abyss:3)
  14 tentacled monstrosities
  Asterion (Snake:1)
  5 quicksilver dragons
  A deep elf master archer (Elf:3)
  2 deep elf blademasters
  5 liches
  18 Orb Guardians (Zot:5)
  A walking divine tome (Depths:3)
  3 titans
  2 ancient champions
  Gastronok (D:10)
  6 sphinxes
  2 tentacled starspawn (Abyss:3)
  2 death cobs
  The ghost of Pooter the Severer, an adept MiBe of Trog (Swamp:3)
  6 tengu reavers
  6 draconian monks
  10 shadow dragons
  Donald (Swamp:3)
  4 revenants
  4 nagarajas
  8 storm dragons
  4 frost giants
  Aizul (Snake:4)
  5 draconian knights
  2 orc warlords
  2 fire giants
  16 vault wardens
  4 spectral caustic shrikes (Depths:4)
  Louise (Snake:4)
  7 deep elf sorcerers
  5 deep elf elementalists
  A draconian shifter (Zot:3)
  A caustic shrike zombie (Crypt:1)
  10 draconian scorchers
  6 draconian stormcallers
  A draconian annihilator (Zot:2)
  2 ghost moths (Zot:4)
  10 stone giants
  2 spriggan defenders (Depths:3)
  4 ghouls
  16 ironbound preservers
  3 juggernaut zombies
  7 war gargoyles
  A caustic shrike skeleton (Crypt:2)
  28 very ugly things
  A juggernaut skeleton (Depths:1)
  11 vampire knights
  4 yellow draconians
  5 eleionomae
  5 black draconians
  3 spark wasps (Depths:1)
  6 purple draconians
  8 ironbound thunderhulks
  7 deep elf demonologists (Elf:3)
  9 green draconians
  11 white draconians
  5 bunyips
  6 deep elf annihilators
  11 red draconians
  25 dire elephants
  A merfolk javelineer (Depths:3)
  16 ettins
  6 deep elf death magi
  A blizzard demon (Depths:2)
  2 eidola (Crypt:1)
  16 jiangshi
  8 deep elf high priests
  4 great orbs of eyes
  5 fire dragons
  2 mummy priests (Crypt:3)
  5 rakshasas
  33 vault guards
  An entropy weaver (Abyss:4)
  15 yaktaur captains
  The ghost of GiantSquids the Impaler, a journeyman MfBe of Trog (D:10)
  2 spriggan air magi (Depths:3)
  3 ice dragons
  Erolcha (Orc:2)
  A spriggan skeleton (Depths:1)
  14 hydras
  3 salamander tyrants (Snake:4)
  6 ghost crabs
  2 ogre magi
  8 ironbound frosthearts
  4 boulder beetles
  6 peacekeepers
  Erica (D:8)
  8 anacondas
  25 dancing weapons
  2 catoblepae (Lair:5)
  An Orb Guardian skeleton (Crypt:1)
  6 centaur warriors
  11 two-headed ogres
  4 deep troll shamans
  22 naga warriors
  5 death knights
  7 deep troll earth magi
  12 alligators
  9 death yaks (Lair:5)
  6 tengu warriors
  16 naga sharpshooters
  3 thrashing horrors (Abyss:4)
  8 shock serpents
  2 spriggan berserkers (Depths:3)
  4 vampire magi
  3 hell knights
  A titan zombie (Crypt:2)
  Sonja (Orc:1)
  19 deep elf knights
  Nergalle (D:10)
  A wretched star (Abyss:4)
  7 shadow wraiths
  An orc high priest (Orc:2)
  3 goliath frogs
  24 skeletal warriors
  5 salamander mystics
  4 spriggan druids
  2 sixfirhies
  8 flayed ghosts
  5 large abominations
  A sea snake (shapeshifter) (Depths:3)
  4 iron trolls
  7 naga ritualists
  4 spectral hydras (Swamp:4)
  A shadow dragon zombie (Vaults:5)
  A glowing orange brain (Depths:3)
  2 orb spiders (Zot:4)
  An orange crystal statue (Zot:5)
  An elf simulacrum (Crypt:1)
  19 deep trolls
  18 deep elf archers
  A steelbarb worm (shapeshifter) (Vaults:5)
  3 swamp dragons
  A spriggan simulacrum (Elf:2)
  A wolf spider zombie (D:13)
  14 phantasmal warriors
  8 wizards
  A spectral wolf spider (D:13)
  7 bog bodies
  26 deep elf zephyrmancers
  2 tengu zombies
  28 deep elf pyromancers
  A lindwurm (Lair:5)
  A stone giant zombie (Depths:1)
  11 necromancers
  7 orc knights
  17 ironbound convokers
  An anaconda skeleton (Crypt:1)
  A fire giant zombie (Vaults:2)
  49 ugly things
  11 orc sorcerers
  A frost giant zombie (Depths:1)
  13 mana vipers
  A tengu skeleton (Depths:1)
  6 cyclopes
  3 will-o-the-wisps
  23 moths of wrath
  A worldbinder (Abyss:4)
  2 manticores
  3 human skeletons
  9 elephants
  11 salamanders
  27 black mambas
  A rust devil (Depths:2)
  A torpor snail (Lair:2)
  A torpor snail (shapeshifter) (Depths:3)
  21 naga magi
  20 vault sentinels
  A centaur zombie (D:13)
  4 guardian serpents
  4 gargoyles
  A smoke demon (Abyss:4)
  An orange demon (Abyss:3)
  A cane toad (shapeshifter) (D:14)
  14 cane toads
  Maggie (D:8)
  2 rime drakes
  A kobold demonologist (D:12)
  A spriggan zombie (D:15)
  A spectral naga (Snake:4)
  An efreet (D:15)
  6 swamp worm zombies (Swamp:4)
  A komodo dragon (shapeshifter) (Vaults:1)
  7 unseen horrors
  43 yaktaurs
  A bunyip simulacrum (Abyss:3)
  5 freezing wraiths
  A spark wasp simulacrum (Depths:1)
  7 komodo dragons
  2 tengu conjurers
  3 anaconda simulacra (Elf:2)
  A silent spectre (Orc:1)
  A red devil (Depths:2)
  A merfolk (shapeshifter) (Vaults:4)
  8 guardian mummies
  An ancient zyme (Abyss:3)
  7 hornets
  6 hydra zombies
  4 trolls
  3 polar bears
  A tengu simulacrum (Vaults:5)
  3 meliai
  32 slime creatures
  A spectral meliai (D:13)
  2 tarantellas (Zot:4)
  2 harpy skeletons
  3 raiju (Abyss:3)
  19 blink frogs
  8 tyrant leeches
  A spectral swamp dragon (Swamp:4)
  3 ettin zombies
  3 alligator zombies (Swamp:4)
  14 dream sheep
  A naga simulacrum (Crypt:3)
  An ettin skeleton (Crypt:1)
  2 jumping spiders (Zot:4)
  A water elemental (Depths:4)
  An air elemental (Elf:1)
  59 flying skulls
  3 vampires
  7 wraiths
  4 fire elementals
  3 shadows
  An ice dragon skeleton (Crypt:1)
  2 ynoxinuls
  8 wyverns
  A fire bat (shapeshifter) (Vaults:5)
  A dire elephant simulacrum (Elf:2)
  7 spriggans
  5 basilisks
  A neqoxec (Abyss:3)
  80 yaks
  A hog (shapeshifter) (Vaults:5)
  13 vampire mosquitoes
  A minotaur simulacrum (Elf:2)
  2 chaos spawn (Depths:3)
  4 redbacks
  A yaktaur simulacrum (Vaults:2)
  32 nagas
  19 swamp worms
  2 fire bat zombies (Crypt:2)
  2 wargs
  An acid dragon (D:6)
  11 water moccasins
  2 ice beasts
  2 sky beasts
  A cane toad skeleton (Crypt:1)
  A hornet zombie (Crypt:2)
  Pargi (Sewer)
  A swamp drake (Swamp:2)
  23 orc warriors
  A swamp dragon zombie (Swamp:4)
  The ghost of qeuew the Trooper, an amateur HOFi (D:3)
  5 black bears
  A boggart (Vaults:1)
  3 ettin simulacra
  9 ogres
  14 wolves
  9 centaurs
  4 phantoms (Swamp:4)
  A dream sheep skeleton (Crypt:2)
  10 small abominations
  A kobold brigand (D:8)
  A snapping turtle skeleton (Crypt:1)
  11 bullfrogs
  4 gnoll sergeants
  5 earth elementals
  8 necrophages
  5 scorpions
  8 wights (D:8)
  2 lindwurm simulacra (Elf:2)
  11 killer bees
  8 howler monkeys
  A crimson imp (D:6)
  A starcursed mass (Abyss:3)
  2 jellies
  17 orc priests
  2 gnoll boudas
  9 hounds
  An iron imp (Abyss:3)
  Crazy Yiuf (D:3)
  3 iguanas
  Ijyb (D:3)
  48 orc wizards
  A spectral swamp drake (Swamp:4)
  A sky beast zombie (Crypt:1)
  An ogre skeleton (Crypt:2)
  3 mummies
  26 gnolls
  7 adders
  2 swamp drake zombies (Swamp:4)
  3 shadow imps (D:6)
  2 white imps
  An ufetubus (Abyss:3)
  5 worms
  3 dart slugs
  88 orcs
  5 ball pythons
  4 bats
  6 endoplasms
  4 giant cockroaches
  6 goblins
  2 hobgoblins
  7 jackals
  2 quokkas
  7 frilled lizards
  8 kobolds
  A kobold zombie (Crypt:2)
  5 rats
  A ballistomycete spore (Lair:5)
  A butterfly (Lair:2)
  A lurking horror (Abyss:3)
  A starspawn tentacle (Abyss:3)
2140 creatures vanquished.

Vanquished Creatures (collateral kills)
  Mennas (Vaults:2)
  An orb of fire (Zot:5)
  A Killer Klown (Zot:5)
  A sphinx (Vaults:5)
  The ghost of Darkkill the Warrior, a journeyman MiHu of Nemelex Xobeh (D:13)
  2 draconian monks
  A draconian scorcher (Zot:1)
  A deep elf elementalist (Orc:1)
  4 vault wardens
  An ironbound preserver (Vaults:2)
  An ironbound thunderhulk (Vaults:3)
  3 stone giants
  A deep elf annihilator (Vaults:5)
  2 green draconians
  5 dire elephants (Vaults:3)
  A yellow draconian (Zot:5)
  2 red draconians
  An entropy weaver (Vaults:2)
  3 yaktaur captains
  A great orb of eyes (Vaults:2)
  A salamander tyrant (Snake:4)
  2 vault guards (Vaults:5)
  An ironbound frostheart (Vaults:2)
  An ice dragon (Depths:3)
  4 two-headed ogres
  A centaur warrior (Vaults:2)
  A naga warrior (Snake:4)
  A dancing weapon (Elf:1)
  A deep troll (Orc:1)
  A naga ritualist (Snake:4)
  A glowing orange brain (Vaults:3)
  An ironbound convoker (Vaults:3)
  A bog body (Swamp:4)
  A wizard (Vaults:3)
  A salamander (Snake:2)
  A cyclops (Orc:1)
  A spectral centaur (D:13)
  2 moths of wrath
  6 yaktaurs
  3 trolls (Orc:1)
  A hornet (Zot:5)
  2 hogs (Swamp:4)
  2 redbacks (Vaults:2)
  3 vampire mosquitoes (D:13)
  A swamp dragon zombie (Swamp:4)
  78 ballistomycete spores
153 creatures vanquished.

Vanquished Creatures (others)
  2 ancient liches (Zot:5)
  3 orbs of fire (Zot:5)
  Bai Suzhen (Vaults:5)
  Vashnia (Snake:4)
  A caustic shrike (Depths:3)
  4 golden dragons
  4 Orb Guardians (Zot:5)
  3 tentacled monstrosities
  A lich (Depths:3)
  2 titans (Vaults:5)
  A quicksilver dragon (Zot:2)
  2 death cobs
  A thorn hunter (Swamp:3)
  A storm dragon (Depths:3)
  A revenant (Crypt:2)
  A tengu reaver (Depths:3)
  A frost giant (Depths:3)
  A draconian knight (Zot:3)
  2 vault wardens (Vaults:5)
  2 fire giants (Depths:3)
  A deep elf sorcerer (Vaults:5)
  A war gargoyle (Vaults:5)
  A draconian annihilator (Zot:2)
  A stone giant (Depths:1)
  An ironbound preserver (Vaults:5)
  2 green draconians
  2 vampire knights
  A deep elf annihilator (Vaults:5)
  4 very ugly things
  2 purple draconians (Zot:2)
  A red draconian (Depths:4)
  A white draconian (Zot:1)
  2 black draconians
  2 yellow draconians
  2 dire elephants (Vaults:4)
  2 eleionomae (Swamp:3)
  A spark wasp (Depths:1)
  2 ettins (Depths:3)
  2 jiangshi
  3 shambling mangroves (Swamp:3)
  A great orb of eyes (Vaults:2)
  2 hydras (Swamp:3)
  An alligator (Swamp:3)
  2 death knights
  A tengu warrior (Depths:2)
  A spriggan berserker (Depths:2)
  A hell knight (Crypt:3)
  A shadow wraith (Vaults:5)
  3 iron trolls
  A deep troll (Depths:1)
  A spriggan druid (Swamp:3)
  A flayed ghost (Crypt:2)
  A death drake (Swamp:4)
  An orc knight (Vaults:5)
  A wizard (Vaults:3)
  3 phantasmal warriors
  A deep elf zephyrmancer (Elf:3)
  An ugly thing (Vaults:4)
  A black mamba (Snake:1)
  A tengu conjurer (Depths:4)
  4 bloated husks (Swamp:4)
  6 hornets (Swamp:3)
  A tyrant leech (Swamp:2)
  A spriggan (Swamp:3)
  A hog (Swamp:4)
  A swamp worm (Swamp:3)
  A naga (Snake:3)
  2 starcursed masses (Abyss:3)
  A phantom (Swamp:4)
  A hound (D:6)
  3 orcs
  6 ballistomycete spores
  3 bushes
  2 foxfires (Swamp:1)
  36 fungi
  74 plants
  3 starspawn tentacles (Abyss:3)
  16 withered plants (D:15)
257 creatures vanquished.

Grand Total: 2550 creatures vanquished

Notes
Turn   | Place    | Note
-------+----------+-------------------------------------------
     0 | D:1      | Lobster4 the Human Wanderer began the quest for the Orb.
     0 | D:1      | Lobster4 set off with the following items: a +2 spear, a
                  | potion of lignification, a +0 scale mail, a scroll of
                  | vulnerability.
     0 | D:1      | Reached XP level 1. HP: 13/13 MP: 1/1
   143 | D:1      | Reached XP level 2. HP: 20/20 MP: 2/2
   598 | D:2      | Reached skill level 1 in Fighting
   721 | D:2      | Reached XP level 3. HP: 25/26 MP: 3/3
  1029 | D:2      | Found a faded altar of an unknown god.
  1127 | D:2      | Reached XP level 4. HP: 27/33 MP: 4/4
  1405 | D:3      | Found a runed translucent door.
  1406 | D:3      | Noticed qeuew's ghost (amateur HOFi)
  1533 | D:3      | Reached skill level 2 in Fighting
  1542 | D:3      | Reached XP level 5. HP: 38/39 MP: 5/5
  1605 | D:3      | Noticed Ijyb
  1630 | D:3      | Killed Ijyb
  1762 | D:3      | Reached XP level 6. HP: 46/46 MP: 6/6
  1789 | D:3      | Identified the +0 spear of Cen Uxi {vorpal, *Corrode rC+
                  | Str+8}
  1930 | D:3      | Found Apnoj's Antique Armour Shoppe.
  1938 | D:3      | Bought a glowing buckler for 165 gold pieces
  2108 | D:3      | Found a runed translucent door.
  2109 | D:3      | Noticed Crazy Yiuf
  2303 | D:4      | Reached skill level 3 in Fighting
  2367 | D:4      | Reached skill level 1 in Throwing
  2367 | D:4      | Reached skill level 1 in Evocations
  2377 | D:4      | Reached skill level 1 in Shields
  2383 | D:4      | Noticed an ice beast
  2404 | D:4      | Killed an ice beast
  2405 | D:4      | Reached XP level 7. HP: 52/52 MP: 7/7
  2601 | D:4      | Reached skill level 5 in Armour
  2717 | D:4      | Learned a level 1 spell: Magic Dart
  2992 | D:4      | Reached XP level 8. HP: 45/60 MP: 8/8
  3130 | D:5      | Entered Level 5 of the Dungeon
  3157 | D:5      | Reached skill level 1 in Spellcasting
  3157 | D:5      | Reached skill level 1 in Conjurations
  3251 | D:5      | Reached skill level 4 in Fighting
  4168 | D:5      | Noticed a yak
  4168 | D:5      | Noticed a yak
  4182 | D:5      | Noticed a yak
  4359 | D:5      | Killed a yak
  4362 | D:5      | Killed a yak
  4363 | D:5      | Reached XP level 9. HP: 66/66 MP: 12/12
  4370 | D:5      | Reached skill level 5 in Fighting
  4534 | D:6      | Found a glowing drain.
  4560 | Sewer    | Entered a sewer
  4644 | Sewer    | Noticed Pargi
  4650 | Sewer    | Killed Pargi
  4651 | Sewer    | Reached skill level 6 in Fighting
  5109 | D:6      | Reached skill level 7 in Fighting
  5430 | D:6      | Reached skill level 5 in Polearms
  5509 | D:6      | Found a radiant altar of Vehumet.
  5510 | D:6      | Found a burning altar of Makhleb.
  5534 | D:6      | Found Decumiulano's Antique Weapon Shoppe.
  5543 | D:6      | Identified the +1 scale mail of Beyond {-Cast +Blink rC+
                  | Str+4}
  5824 | D:6      | Reached skill level 8 in Fighting
  5901 | D:6      | Reached XP level 10. HP: 51/80 MP: 14/14
  6352 | D:6      | Found a staircase to the Ecumenical Temple.
  6363 | Temple   | Entered the Ecumenical Temple
  6554 | Temple   | Became a worshipper of Fedhas Madash
  6593 | D:6      | Gained mutation: You possess an exceptional clarity of
                  | mind. [potion of mutation]
  6593 | D:6      | Gained mutation: You are dopey. (Int -2) [potion of
                  | mutation]
  6593 | D:6      | Gained mutation: You expend magic power (3 MP) to
                  | strengthen your wands. [potion of mutation]
  6593 | D:6      | Gained mutation: Your system is resistant to poisons.
                  | (rPois) [potion of mutation]
  6603 | D:6      | Reached skill level 9 in Fighting
  6603 | D:6      | Reached skill level 1 in Invocations
  7939 | D:8      | Noticed Maggie
  7940 | D:8      | Reached * piety under Fedhas
  7961 | D:8      | Killed Maggie
  7962 | D:8      | Reached skill level 10 in Fighting
  8265 | D:8      | Noticed Erica
  9790 | D:10     | Entered Level 10 of the Dungeon
  9790 | D:10     | Noticed Nergalle
  9790 | D:10     | Noticed a gargoyle
  9918 | D:10     | Noticed Gastronok
  9937 | D:10     | Killed Gastronok
  9938 | D:10     | Reached skill level 11 in Fighting
  9938 | D:10     | Reached skill level 5 in Evocations
  9938 | D:10     | Reached XP level 11. HP: 35/93 MP: 0/15
 10201 | D:10     | Reached ** piety under Fedhas
 10417 | D:10     | Identified a scroll of acquirement
 10460 | D:9      | Acquired the +0 helmet "Oreinto" {rN+ Int+2 Stlth+}
 10642 | D:9      | Reached skill level 12 in Fighting
 11409 | D:10     | Found a transporter.
 11410 | D:10     | Identified the +6 dire flail of Painful Death {holy, Will+
                  | SInv}
 11410 | D:10     | Identified the +1 giant club "Fevuj" {freeze, rF- rN+++
                  | rCorr Dex-2}
 11410 | D:10     | Noticed a two-headed ogre
 11410 | D:10     | Noticed GiantSquids's ghost (journeyman MfBe)
 11410 | D:10     | Noticed a two-headed ogre
 11410 | D:10     | Noticed a two-headed ogre
 11411 | D:10     | Noticed a two-headed ogre
 11411 | D:10     | Noticed a two-headed ogre
 12508 | D:11     | Identified the +5 ring mail of Coiwuc {Harm Int+4 Slay-5}
 12775 | D:11     | Noticed a two-headed ogre
 12807 | D:11     | Killed a two-headed ogre
 13885 | D:11     | Noticed a two-headed ogre
 14439 | D:11     | Killed a two-headed ogre
 14440 | D:11     | Reached skill level 13 in Fighting
 14440 | D:11     | Reached XP level 12. HP: 105/105 MP: 11/18
 14816 | D:11     | Found a staircase to the Orcish Mines.
 14826 | Orc:1    | Entered Level 1 of the Orcish Mines
 14835 | D:11     | Reached *** piety under Fedhas
 14895 | D:12     | Noticed a sixfirhy
 14912 | D:12     | Identified the +7 flail of Execution {vorpal, rElec Will+}
 15096 | D:12     | Reached skill level 5 in Conjurations
 15103 | D:12     | Reached skill level 1 in Maces & Flails
 15443 | D:12     | Noticed a boulder beetle
 15465 | D:12     | Killed a boulder beetle
 17008 | D:12     | Acquired a manual of Maces & Flails
 17493 | D:3      | Killed Crazy Yiuf
 17656 | D:3      | Killed qeuew's ghost
 17813 | D:8      | Reached skill level 14 in Fighting
 17828 | D:8      | Reached **** piety under Fedhas
 17909 | D:8      | Reached skill level 5 in Maces & Flails
 18005 | D:8      | Found a staircase to the Lair.
 18326 | D:8      | Killed Erica
 18608 | Lair:1   | Entered Level 1 of the Lair of Beasts
 18949 | Lair:1   | Reached XP level 13. HP: 114/114 MP: 14/19
 19308 | Lair:1   | Reached ***** piety under Fedhas
 20376 | Lair:2   | Found a staircase to the Snake Pit.
 22199 | Lair:3   | Found a staircase to the Swamp.
 22302 | Lair:3   | Reached skill level 15 in Fighting
 23043 | Lair:3   | Learned a level 3 spell: Stone Arrow
 23084 | Lair:4   | Noticed a six-headed hydra
 23170 | Lair:3   | Reached skill level 5 in Invocations
 23445 | Lair:4   | Killed a six-headed hydra
 23446 | Lair:4   | Reached skill level 1 in Earth Magic
 23531 | Lair:4   | Noticed a four-headed hydra
 23541 | Lair:4   | Killed a four-headed hydra
 23542 | Lair:4   | Reached skill level 10 in Maces & Flails
 23673 | Lair:4   | Reached XP level 14. HP: 87/123 MP: 20/20
 25136 | Lair:5   | Entered Level 5 of the Lair of Beasts
 26278 | Orc:1    | Reached ****** piety under Fedhas
 26366 | Orc:1    | Found Fosapinn's Antique Armour Shoppe.
 26374 | Orc:1    | Bought a warped ring mail for 315 gold pieces
 26374 | Orc:1    | Identified the +1 ring mail of Dramatic Exits {rElec rF+}
                  | (You bought it in a shop on level 1 of the Orcish Mines)
 26374 | Orc:1    | Bought an embroidered cloak for 262 gold pieces
 26688 | Orc:1    | Noticed a stone giant
 26852 | Orc:1    | Noticed Sonja
 26857 | Orc:1    | Killed Sonja
 27028 | Orc:1    | Found a transporter.
 27098 | Orc:2    | Entered Level 2 of the Orcish Mines
 27099 | Orc:2    | Found Cucag's Book Shoppe.
 27229 | Orc:2    | Found a staircase to the Elven Halls.
 28628 | Orc:2    | Noticed an orc warlord
 28752 | Orc:2    | Killed an orc warlord
 29610 | Orc:2    | Found an ancient bone altar of Kikubaaqudgha.
 29907 | Orc:2    | Noticed Erolcha
 29911 | Orc:2    | Killed Erolcha
 30225 | Orc:2    | Found Beacude's Magic Scroll Emporium.
 30233 | Orc:2    | Found Sejaly's Antique Armour Shoppe.
 30239 | Orc:2    | Found Emofyem's Book Emporium.
 30346 | Orc:2    | Bought a scroll of acquirement for 676 gold pieces
 30346 | Orc:2    | Acquired the ring "Ongus" {rElec rF+ MP+9 Dex+2 Stlth+}
 30402 | Orc:2    | Found a radiant altar of Vehumet.
 30413 | Orc:2    | Bought a brightly glowing robe for 159 gold pieces
 30413 | Orc:2    | Identified the +1 robe "Daxzalli" {rElec rF- Will+ rCorr}
                  | (You bought it in a shop on level 2 of the Orcish Mines)
 30416 | Orc:2    | Bought a pair of embroidered boots for 210 gold pieces
 30416 | Orc:2    | Bought a pair of runed gloves for 210 gold pieces
 30453 | Orc:2    | Found Xab Vais's Distillery.
 30744 | D:13     | Found a transporter.
 30746 | D:13     | Noticed Darkkill's ghost (journeyman MiHu)
 30781 | D:13     | Found a transporter.
 31822 | Lair:4   | Reached XP level 15. HP: 116/130 MP: 21/21
 32319 | Lair:5   | Got the Textbook on the Collective Nimbus
 33345 | Lair:5   | Found a viscous altar of Jiyva.
 33345 | Lair:5   | Found a staircase to the Slime Pits.
 33427 | Lair:5   | Reached skill level 5 in Spellcasting
 33439 | Lair:5   | Reached skill level 5 in Earth Magic
 33820 | Lair:5   | Found a stormy altar of Qazlal.
 34119 | Lair:5   | Reached skill level 16 in Fighting
 34180 | Lair:5   | Reached skill level 10 in Armour
 35024 | Elf:1    | Entered Level 1 of the Elven Halls
 35219 | D:10     | Found a transporter.
 35313 | D:10     | Found a transporter.
 35369 | D:10     | Killed Nergalle
 35915 | D:10     | Found a transporter.
 36194 | D:13     | Found a gate to the Vaults.
 36194 | D:13     | Noticed an ironbound preserver
 36225 | D:13     | Killed an ironbound preserver
 36917 | D:14     | Reached XP level 16. HP: 130/138 MP: 12/23
 37538 | D:14     | Reached skill level 1 in Stealth
 37709 | D:14     | Got the Writings on Violent Convocation
 37748 | D:14     | Found an ornate altar of the Wu Jian Council.
 37908 | D:15     | Entered Level 15 of the Dungeon
 37934 | D:14     | Reached skill level 10 in Conjurations
 38777 | D:15     | Found a shadowy altar of Dithmenos.
 38810 | D:15     | Learned a level 2 spell: Static Discharge
 39601 | D:15     | Reached skill level 1 in Air Magic
 40554 | Orc:2    | Reached skill level 5 in Dodging
 42648 | Elf:1    | Reached skill level 17 in Fighting
 43092 | Elf:2    | Noticed a deep elf sorcerer
 43153 | Elf:2    | Found a frozen archway.
 43158 | Elf:2    | Reached XP level 17. HP: 97/147 MP: 24/24
 43679 | Snake:1  | Entered Level 1 of the Snake Pit
 43851 | Snake:1  | Noticed Asterion
 43881 | Snake:1  | Killed Asterion
 44014 | Snake:1  | Identified the +1 robe "Keovyoch" {rPois rC+ MP-9 Dex+4}
 44302 | Snake:1  | Found a glowing golden altar of the Shining One.
 45177 | Snake:2  | Reached skill level 15 in Maces & Flails
 46398 | Snake:2  | Reached skill level 5 in Shields
 48969 | Snake:3  | Reached skill level 18 in Fighting
 49332 | Snake:3  | Found the +1 robe of Vines {NoPotionHeal Regen++++}
 50028 | Snake:3  | Found a hazy altar of Hepliaklqana.
 50601 | Snake:3  | Reached XP level 18. HP: 122/157 MP: 25/25
 50794 | Snake:4  | Entered Level 4 of the Snake Pit
 52779 | Snake:4  | Noticed Vashnia
 52856 | Snake:4  | Noticed Roxanne
 53685 | Snake:3  | Acquired a manual of Conjurations
 54109 | Snake:4  | Killed Vashnia
 55652 | Snake:4  | Reached skill level 10 in Invocations
 57417 | Snake:4  | Noticed Aizul
 57429 | Snake:4  | Noticed Louise
 57441 | Snake:4  | Killed Aizul
 57451 | Snake:4  | Killed Louise
 57630 | Snake:4  | Got a serpentine rune of Zot
 58318 | Orc:1    | Found a bloodstained altar of Trog.
 58318 | Orc:1    | Found the +8 Wrath of Trog {antimagic, *Rage Rampage}
 58345 | Orc:1    | Reached XP level 19. HP: 165/165 MP: 25/26
 58367 | Orc:1    | Found a runed translucent door.
 58387 | Orc:1    | Found a transporter.
 58609 | Orc:1    | Reached skill level 19 in Fighting
 58609 | Orc:1    | Reached skill level 10 in Dodging
 59048 | Elf:2    | Found Lomoec's Weapon Shoppe.
 59052 | Elf:2    | Found Nuwiux's Jewellery Shoppe.
 60982 | Elf:2    | Found a huge runed translucent gate.
 60982 | Elf:2    | Found a huge runed translucent gate.
 61041 | Elf:2    | Found a huge runed translucent gate.
 61047 | Elf:2    | Found a huge runed translucent gate.
 61047 | Elf:2    | Found a huge runed translucent gate.
 61122 | Elf:3    | Entered Level 3 of the Elven Halls
 63131 | Elf:3    | Identified the +6 scale mail of Insecurity {Str+6 Dex-3
                  | SInv Stlth+}
 63131 | Elf:3    | Identified the ring of Xidilij {rC++ AC+4}
 63132 | Elf:3    | Noticed a deep elf blademaster
 63162 | Elf:3    | Killed a deep elf blademaster
 63681 | Elf:3    | Noticed a deep elf blademaster
 63699 | Elf:2    | Killed a deep elf blademaster
 64060 | Elf:2    | Noticed Jorgrun
 64074 | Elf:2    | Killed Jorgrun
 65177 | Elf:2    | Reached XP level 20. HP: 172/173 MP: 27/28
 66458 | Elf:3    | Identified the +0 ring mail "Zupoc" {Regen+ Int-5 SInv
                  | Stlth-}
 66483 | Elf:3    | Identified the +1 leather armour of the Tomato {Fly rPois
                  | rC+ Stlth-}
 67499 | Elf:3    | Reached skill level 10 in Shields
 68435 | Abyss:3  | Cast into level 3 of the Abyss (a deep elf demonologist)
 68594 | Abyss:3  | Noticed a Hell Sentinel
 68603 | Abyss:3  | Killed a Hell Sentinel
 68894 | Abyss:3  | Paralysed by accursed screaming for 1 turns
 69257 | Abyss:4  | Reached skill level 15 in Conjurations
 69259 | Elf:3    | Escaped the Abyss
 69265 | Elf:3    | Noticed a Hell Sentinel
 69658 | Elf:3    | Noticed a Brimstone Fiend
 69857 | Elf:3    | Noticed a Brimstone Fiend
 70067 | Elf:3    | Found the +1 cloak of Starlight {*Dazzle EV+4 Stlth--}
 70490 | D:10     | Killed GiantSquids's ghost
 70495 | D:10     | Reached skill level 10 in Polearms
 70667 | D:13     | Killed Darkkill's ghost
 71010 | Vaults:1 | Entered Level 1 of the Vaults
 72141 | Vaults:1 | Reached XP level 21. HP: 182/182 MP: 30/30
 72891 | Orc:2    | Bought a scroll of summoning for 123 gold pieces
 72891 | Orc:2    | Bought a scroll of summoning for 123 gold pieces
 72891 | Orc:2    | Bought a scroll of teleportation for 39 gold pieces
 72891 | Orc:2    | Bought a scroll of poison for 52 gold pieces
 73218 | Vaults:1 | Reached skill level 20 in Fighting
 74360 | Vaults:2 | Found Vaxog's Book Shoppe.
 74370 | Vaults:2 | Learned a level 4 spell: Flame Wave
 75081 | Vaults:2 | Reached skill level 1 in Fire Magic
 75944 | Vaults:2 | You fall into a shaft and drop 1 floor!
 77333 | Vaults:2 | Found a staircase to the Crypt.
 77333 | Vaults:2 | Noticed Mennas
 77903 | Vaults:2 | Killed Mennas
 78626 | Vaults:2 | Reached XP level 22. HP: 167/190 MP: 31/31
 81986 | Vaults:4 | Reached skill level 15 in Polearms
 82468 | Vaults:4 | Reached skill level 5 in Fire Magic
 83894 | Vaults:4 | Reached XP level 23. HP: 193/198 MP: 32/32
 84159 | Vaults:4 | Identified the +8 mace "Usel Gol" {antimagic, Fragile
                  | Dex+10 SInv}
 84380 | Crypt:1  | Entered Level 1 of the Crypt
 84484 | Crypt:1  | Paralysed by a vampire knight for 4 turns
 84508 | Crypt:1  | Noticed Khufu
 84881 | Swamp:1  | Entered Level 1 of the Swamp
 84955 | Swamp:1  | Identified the +1 robe of the Spider Nest {rPois Will+}
 86154 | Swamp:2  | Identified the +5 sling "Peherir" {freeze, rF+ rC+ Int+4}
 86529 | Swamp:3  | Noticed Pooter's ghost (adept MiBe)
 86529 | Swamp:3  | Found a transporter.
 86594 | Swamp:3  | Found a transporter.
 86683 | Swamp:3  | Reached skill level 1 in Ranged Weapons
 87123 | Swamp:3  | Found a blossoming altar of Fedhas.
 87254 | Swamp:3  | Noticed Donald
 87266 | Swamp:3  | Killed Donald
 87309 | Swamp:3  | Reached skill level 21 in Fighting
 87601 | Swamp:4  | Entered Level 4 of the Swamp
 87921 | Swamp:4  | Noticed Kirke
 89135 | Swamp:4  | Got a decaying rune of Zot
 89296 | Swamp:3  | Killed Pooter's ghost
 89889 | D:15     | Found a staircase to the Depths.
 89939 | Depths:1 | Entered Level 1 of the Depths
 90233 | Depths:1 | Reached XP level 24. HP: 199/208 MP: 32/32
 90426 | Depths:1 | Identified the +8 arbalest "Ogreslayer" {flame, *Slow rElec
                  | rN++}
 91012 | Depths:1 | Found a gateway to Hell.
 91428 | Depths:1 | You are sucked into a shaft and drop 1 floor!
 92219 | Depths:2 | Found a one-way gate leading to the halls of Pandemonium.
 93127 | Depths:2 | Found a one-way gateway to a ziggurat.
 93129 | Depths:2 | Found a one-way gate to the infinite horrors of the Abyss.
 93525 | Depths:3 | Reached skill level 5 in Ranged Weapons
 93615 | Depths:3 | Noticed a caustic shrike
 94225 | Depths:3 | Identified the +6 plate armour of the Skies Above {rElec
                  | rC+ Dex+4}
 94532 | Depths:3 | Identified the +2 broad axe of Tension {venom, rC+ Will+
                  | Str+3}
 95279 | Depths:3 | Killed a caustic shrike
 95738 | Depths:3 | Reached XP level 25. HP: 210/215 MP: 32/32
 96577 | Depths:4 | Entered Level 4 of the Depths
 96636 | Depths:4 | Noticed a caustic shrike
 96637 | Depths:4 | Noticed a caustic shrike
 96647 | Depths:4 | Noticed a caustic shrike
 96655 | Depths:3 | Killed a caustic shrike
 97317 | Depths:3 | Killed a caustic shrike
 97323 | Depths:3 | Killed a caustic shrike
 98765 | Depths:4 | Noticed a caustic shrike
 98774 | Depths:4 | Killed a caustic shrike
 98959 | Depths:4 | Reached skill level 22 in Fighting
 99234 | Depths:4 | Found a gate to the Realm of Zot.
100169 | Crypt:1  | Killed Khufu
101199 | Crypt:2  | Reached XP level 26. HP: 160/225 MP: 33/33
101904 | Crypt:3  | Entered Level 3 of the Crypt
102019 | Crypt:3  | Reached skill level 10 in Earth Magic
102124 | Crypt:3  | Reached skill level 15 in Dodging
102319 | Crypt:3  | Found a basalt altar of Yredelemnul.
102856 | Crypt:3  | Got Sif Muna's Quarto of the United Voyage
103946 | Crypt:3  | Found a staircase to the Tomb.
103946 | Crypt:3  | Noticed a royal mummy
103963 | Crypt:3  | Killed a royal mummy
103997 | Crypt:3  | Identified the +1 chain mail "Hylosoug" {Regen+}
104399 | Crypt:3  | Found the +9 sword of Zonguldrok {reap}
104697 | Vaults:5 | Entered Level 5 of the Vaults
105236 | Vaults:5 | Noticed a dread lich
105410 | Vaults:5 | Noticed Frederick
105429 | Vaults:5 | Killed Frederick
105598 | Vaults:5 | Identified the +9 hand axe "Rarrain" {elec, Drain rCorr
                  | Str+10 Stlth+}
105598 | Vaults:5 | Noticed Bai Suzhen
105627 | Vaults:5 | Killed Bai Suzhen
105635 | Vaults:5 | Reached XP level 27. HP: 94/232 MP: 35/35
105700 | Vaults:5 | Identified the +7 falchion of Breach {holy, rN+}
106404 | Vaults:5 | Found Vios's Magic Scroll Shoppe.
106410 | Vaults:5 | Bought a scroll of teleportation for 36 gold pieces
106410 | Vaults:5 | Bought a scroll of teleportation for 36 gold pieces
107158 | Vaults:5 | Got the Parchment of the Chthonic Squall
107178 | Vaults:5 | Killed a dread lich
107184 | Vaults:5 | Learned a level 3 spell: Swiftness
107504 | Vaults:5 | Reached skill level 23 in Fighting
107990 | Vaults:5 | Found Seubbed's Magic Scroll Shoppe.
107994 | Vaults:5 | Bought a scroll of teleportation for 33 gold pieces
108009 | Vaults:5 | Got a silver rune of Zot
108292 | Vaults:5 | Found Ylamury's Armour Shoppe.
108650 | Zot:1    | Entered Level 1 of the Realm of Zot
108667 | Zot:1    | Learned a level 6 spell: Iron Shot
109430 | Zot:1    | Reached skill level 10 in Spellcasting
109820 | Zot:1    | Learned a level 5 spell: Fireball
110046 | Zot:1    | Identified the +0 ring mail of the Floral God {*Slow rF+
                  | Dex+7}
114782 | Zot:2    | Reached skill level 5 in Air Magic
115777 | Zot:3    | You are sucked into a shaft and drop 1 floor!
116638 | Zot:4    | Identified the ring "Linly" {rN+ Will+ Dex+4 Stlth+}
118621 | Zot:5    | Entered Level 5 of the Realm of Zot
119496 | Zot:5    | Noticed an ancient lich
119519 | Zot:5    | Killed an ancient lich
119736 | Zot:5    | Noticed an orb of fire
119742 | Zot:5    | Gained mutation: You are clumsy. (Dex -2) [an orb of fire]
119743 | Zot:5    | Killed an orb of fire
119849 | Zot:5    | Noticed an orb of fire
119850 | Zot:5    | Noticed an orb of fire
120278 | Zot:5    | Lost mutation: You possess an exceptional clarity of mind.
                  | [an orb of fire]
120278 | Zot:5    | Gained mutation: Armour fits poorly on your strangely
                  | shaped body. [an orb of fire]
120290 | Zot:5    | Gained mutation: You are very dopey. (Int -4) [an orb of
                  | fire]
120290 | Zot:5    | Killed an orb of fire
120291 | Zot:5    | Reached skill level 15 in Armour
120296 | Zot:5    | Killed an orb of fire
121052 | Lair:3   | Lost mutation: Armour fits poorly on your strangely shaped
                  | body. [potion of mutation]
121052 | Lair:3   | Lost mutation: Your system is resistant to poisons. (rPois)
                  | [potion of mutation]
121052 | Lair:3   | Gained mutation: You have large cloven feet. [potion of
                  | mutation]
121053 | Lair:3   | Lost mutation: You have large cloven feet. [potion of
                  | mutation]
121053 | Lair:3   | Lost mutation: You are very dopey. (Int -4) [potion of
                  | mutation]
121053 | Lair:3   | Gained mutation: Your muscles are strong. (Str +4, Int/Dex
                  | -1) [potion of mutation]
121054 | Lair:3   | Lost mutation: You are clumsy. (Dex -2) [potion of
                  | mutation]
121054 | Lair:3   | Lost mutation: Your muscles are strong. (Str +4, Int/Dex
                  | -1) [potion of mutation]
121054 | Lair:3   | Lost mutation: You expend magic power (3 MP) to strengthen
                  | your wands. [potion of mutation]
121054 | Lair:3   | Gained mutation: Your magical capacity is low. (-10% MP)
                  | [potion of mutation]
121055 | Lair:3   | Lost mutation: Your magical capacity is low. (-10% MP)
                  | [potion of mutation]
121055 | Lair:3   | Lost mutation: You are dopey. (Int -2) [potion of mutation]
121055 | Lair:3   | Gained mutation: You have a pair of small antennae on your
                  | head. [potion of mutation]
121055 | Lair:3   | Gained mutation: You are resistant to electric shocks.
                  | (rElec) [potion of mutation]
121055 | Lair:3   | Gained mutation: You are strong-willed. (Will+) [potion of
                  | mutation]
121056 | Lair:3   | Lost mutation: You are resistant to electric shocks.
                  | (rElec) [potion of mutation]
121056 | Lair:3   | Lost mutation: You are strong-willed. (Will+) [potion of
                  | mutation]
121056 | Lair:3   | Gained mutation: You are frail. (-10% HP) [potion of
                  | mutation]
121056 | Lair:3   | Gained mutation: You are clumsy. (Dex -2) [potion of
                  | mutation]
121056 | Lair:3   | Gained mutation: Your mind is acute. (Int +4, Str/Dex -1)
                  | [potion of mutation]
121057 | Lair:3   | Lost mutation: You have a pair of small antennae on your
                  | head. [potion of mutation]
121057 | Lair:3   | Lost mutation: You are clumsy. (Dex -2) [potion of
                  | mutation]
121057 | Lair:3   | Lost mutation: You are frail. (-10% HP) [potion of
                  | mutation]
121057 | Lair:3   | Gained mutation: You are clumsy. (Dex -2) [potion of
                  | mutation]
121057 | Lair:3   | Gained mutation: Your muscles are strong. (Str +4, Int/Dex
                  | -1) [potion of mutation]
122208 | Zot:5    | Noticed an ancient lich
122217 | Zot:5    | Killed an ancient lich
122271 | Zot:5    | Noticed an ancient lich
122272 | Zot:5    | Noticed an orb of fire
122289 | Zot:5    | Gained mutation: Your spells are a little easier to cast,
                  | but a little less powerful. [an orb of fire]
122295 | Zot:5    | Killed an orb of fire
122557 | Zot:5    | Killed an ancient lich
122613 | Zot:5    | Noticed a Killer Klown
122630 | Zot:5    | Killed a Killer Klown
122657 | Zot:5    | Noticed a Killer Klown
122675 | Zot:5    | Paralysed by a hornet for 3 turns
122686 | Zot:5    | Killed a Killer Klown
122814 | Zot:5    | Noticed an orb of fire
123196 | Zot:5    | Gained mutation: You are frail. (-10% HP) [an orb of fire]
123198 | Zot:5    | Lost mutation: Your mind is acute. (Int +4, Str/Dex -1) [an
                  | orb of fire]
123200 | Zot:5    | Killed an orb of fire
123208 | Zot:5    | Noticed a Killer Klown
123217 | Zot:5    | Killed a Killer Klown
123218 | Zot:5    | Reached skill level 24 in Fighting
123897 | Zot:5    | Noticed an orb of fire
123901 | Zot:5    | Lost mutation: Your muscles are strong. (Str +4, Int/Dex
                  | -1) [an orb of fire]
123912 | Zot:5    | Killed an orb of fire
123950 | Zot:4    | Lost mutation: You are frail. (-10% HP) [potion of
                  | mutation]
123950 | Zot:4    | Lost mutation: You are clumsy. (Dex -2) [potion of
                  | mutation]
123950 | Zot:4    | Lost mutation: Your spells are a little easier to cast, but
                  | a little less powerful. [potion of mutation]
123950 | Zot:4    | Gained mutation: You are partially covered in iridescent
                  | scales. (AC +2) [potion of mutation]
123950 | Zot:4    | Gained mutation: Your body sometimes deteriorates upon
                  | taking damage. [potion of mutation]
123951 | Zot:4    | Lost mutation: Your body sometimes deteriorates upon taking
                  | damage. [potion of mutation]
123951 | Zot:4    | Lost mutation: You are partially covered in iridescent
                  | scales. (AC +2) [potion of mutation]
123951 | Zot:4    | Gained mutation: You are weak. (Str -2) [potion of
                  | mutation]
124514 | Zot:5    | Noticed an orb of fire
124516 | Zot:5    | Gained mutation: Your magical capacity is low. (-10% MP)
                  | [an orb of fire]
124526 | Zot:5    | Gained mutation: Your magical capacity is very low. (-20%
                  | MP) [an orb of fire]
124528 | Zot:5    | Gained mutation: You are frail. (-10% HP) [an orb of fire]
124531 | Zot:5    | Gained mutation: You occasionally lose the ability to read
                  | scrolls when taking damage. [an orb of fire]
124541 | Zot:5    | Gained mutation: You are clumsy. (Dex -2) [an orb of fire]
124542 | Zot:5    | Gained mutation: You are dopey. (Int -2) [an orb of fire]
124543 | Zot:5    | Killed an orb of fire
124864 | Zot:5    | Lost mutation: You are dopey. (Int -2) [potion of mutation]
124864 | Zot:5    | Lost mutation: You occasionally lose the ability to read
                  | scrolls when taking damage. [potion of mutation]
124864 | Zot:5    | Lost mutation: Your magical capacity is very low. (-20% MP)
                  | [potion of mutation]
124864 | Zot:5    | Gained mutation: You have large cloven feet. [potion of
                  | mutation]
124865 | Zot:5    | Lost mutation: You have large cloven feet. [potion of
                  | mutation]
124865 | Zot:5    | Lost mutation: You are clumsy. (Dex -2) [potion of
                  | mutation]
124865 | Zot:5    | Gained mutation: You have large cloven feet. [potion of
                  | mutation]
124865 | Zot:5    | Gained mutation: You possess an exceptional clarity of
                  | mind. [potion of mutation]
125131 | Zot:5    | Noticed an orb of fire
125133 | Zot:5    | Noticed an ancient lich
125133 | Zot:5    | Noticed an orb of fire
125145 | Zot:5    | Gained mutation: You are very frail. (-20% HP) [an orb of
                  | fire]
125146 | Zot:5    | Gained mutation: You are clumsy. (Dex -2) [an orb of fire]
125420 | Zot:5    | Killed an ancient lich
125521 | Zot:5    | Gained mutation: You are vulnerable to heat. (rF-) [an orb
                  | of fire]
125526 | Zot:5    | Gained mutation: Armour fits poorly on your strangely
                  | shaped body. [an orb of fire]
125531 | Zot:5    | Gained mutation: Your magical capacity is very low. (-20%
                  | MP) [an orb of fire]
125532 | Zot:5    | Killed from afar by an orb of fire

Illustrated notes

Levels and vault maps discovered:
D:1:      erik_arrival_blinker_ship, layout_rooms, hangedman_decor_points,
          corner_web_ring, corexii_leaking_fountain, minmay_tromino_v4_b
D:2:      layout_loops_cross, hellmonk_ecumenical_altar_defaced_shrine,
          minmay_split_cup_large
D:3:      layout_loops_cross, serial_shops, shop_fountains,
          ebering_ghost_reflecting_pool, uniq_crazy_yiuf_cottage, uniq_ijyb
D:4:      layout_loops_ring
D:5:      layout_basic
D:6:      layout_cave_pools, grunt_temple_overflow_lords_of_destruction,
          lemuel_temple_firewalk_b, cheibrodos_sewer_entry_drain,
          serial_gnoll_camp, gnoll_camp_mini_doghouse, gnoll_camp_mini_hut,
          gnoll_camp_mini_basic, gnoll_camp_mini_shop, minmay_divided_ellipse
D:7:      layout_cave_pods, minmay_misc_feat_pillars
D:8:      layout_basic, minmay_lair_entry_grove, grunt_ministairs_5, uniq_erica,
          uniq_maggie
D:9:      layout_basic
D:10:     layout_basic, gammafunk_ghost_smash,
          hangedman_abyss_or_decor_lesser_grid, kennysheep_generic_room_11,
          uniq_gastronok, uniq_nergalle
D:11:     layout_loops_corners, david_orc_4
D:12:     layout_basic, the_hattery
D:13:     layout_basic, skrybe_vaults_entry_preservation,
          gammafunk_ghost_mausoleum
D:14:     layout_basic, nicolae_wu_jian_wuxing_cycle
D:15:     gammafunk_depths_entry_grave, layout_rooms,
          nicolae_dithmenos_shadow_blocks
Temple:   nicolae_temple_slightly_damp_pantheon
Lair:1:   layout_cave_pods
Lair:2:   layout_cave_pods, dummy_snake_entry, minivault_23, lemuel_fruit_fields
Lair:3:   layout_gridlike, swamp_mist_pool
Lair:4:   layout_layer_cave
Lair:5:   grunt_lair_end_beastmaster, layout_cave_pods,
          dpeg_slime_entry_enclosed, basic_altar, infiniplex_staircase_pool
Swamp:1:  layout_falls_marsh, evilmike_swamp_ruin_house_5, swamp_pool3,
          grunt_hermit_hut
Swamp:2:  layout_falls_marsh, serial_swamp_ruin, hangedman_swamp_ruin_hall,
          evilmike_swamp_ruin_house_4
Swamp:3:  layout_falls_marsh, gammafunk_ghost_arena, nicolae_swamp_godswood,
          st_swamp_mini, uniq_donald
Swamp:4:  swamp_pestilence, layout_basic_swamp, uniq_kirke
Snake:1:  layout_onion_interference, basic_altar, uniq_asterion
Snake:2:  layout_chambers, grunt_ministairs_10, grunt_megastairs_3
Snake:3:  layout_misc_corridors, basic_altar
Snake:4:  snake_pit, layout_gridlike, nicolae_snake_ghostly_warrior_ritual,
          lemuel_fruit_tree, uniq_aizul, uniq_louise, uniq_vashnia, uniq_roxanne
Orc:1:    emtedronai_trogs_sanctum, layout_diamond_mine, serial_shops, shop,
          uniq_sonja
Orc:2:    kennysheep_orc_mage_school, layout_diamond_mine, serial_shops,
          shop_fountains
Elf:1:    layout_geoelf_diagonals, minivault_28
Elf:2:    elven_hall_of_blades_hangedman_alternative
          [nicolae_vaults_blade_armed_guards], layout_geoelf_diagonals,
          portal_ice_cave_entry_ice_simulacra, minmay_shop_star, uniq_jorgrun
Elf:3:    minmay_elf_hall_not_hex, layout_loops_ring
Vaults:1: ontoclasm_vaults_gallery, hangedman_vaults_river_flow,
          ontoclasm_vaults_loading_screen, vaults_dpeg_hooks,
          nicolae_vaults_network_quinsquares
          [nicolae_vaults_network_quincunx_subvault,
          nicolae_vaults_network_quincunx_subvault,
          nicolae_vaults_network_quincunx_subvault,
          nicolae_vaults_network_quincunx_subvault],
          nicolae_vaults_yaktaur_gun_rack, vaults_dpeg_spiral,
          ontoclasm_vaults_pinch, vaults_room_grunt_arrival_ludios,
          ontoclasm_vaults_ligature, nicolae_vaults_ring_of_whatevers,
          nicolae_vaults_ring_of_whatevers, serial_ice_b, v_misc_30,
          nicolae_vaults_stairing_the_circle, nicolae_vaults_little_ls,
          layout_vaults_omnibox
Vaults:2: nicolae_vaults_disjoint_gnomons, vaults_room_fancy_cross,
          nicolae_vaults_angled_halls, nicolae_vaults_border_crossing,
          vaults_room_semicircle, nicolae_vaults_rhombus_7,
          layout_vaults_chaotic_city, dummy_crypt_entry, serial_shops,
          shop_statue, uniq_mennas
Vaults:3: vaults_standard_mumra_x, nicolae_vaults_mini_display_case, v_misc_27,
          vaults_mumra_chevron, v_pattern_5, dpeg_vaults_monster_box,
          vaults_room_fours, ontoclasm_vaults_hangar, grunt_vaults_focal,
          v_misc_25, vaults_mumra_lcd, grunt_vaults_bifocal,
          ontoclasm_vaults_ring_square, layout_vaults_maze
Vaults:4: v_misc_4, nicolae_vaults_sealed_display, nicolae_vaults_murderbox,
          grunt_vaults_hallway_short, ontoclasm_vaults_loading_screen,
          vaults_room_fours, nicolae_vaults_alarming, layout_vaults_omnigrid
Vaults:5: uniq_bai_suzhen, uniq_margery, uniq_frederick
Crypt:1:  layout_gridlike, uniq_khufu
Crypt:2:  layout_regular_city, serial_sigils_hangedman_scratch,
          grunt_ministairs_6, st_stairs_3
Crypt:3:  grunt_crypt_end_deaths_head
Depths:1: layout_basic, pf_coc_iceberg, kb_rosetta, grunt_megastairs_4
Depths:2: evilmike_library_of_no_secrets, layout_gridlike, enter_ziggurat_f,
          minmay_door_square, hell_entry, rand_demon_pan_entry_1, abyss_entry,
          zin_treasury, minmay_staircase_bubble
Depths:3: minmay_the_grid_square_5x5_4x4 [minmay_the_grid_square_5x5_forky,
          minmay_the_grid_square_5x5_shuriken,
          minmay_the_grid_square_5x5_inverted_slash,
          minmay_the_grid_square_5x5_dogpile, minmay_the_grid_square_5x5_six,
          minmay_the_grid_square_5x5_prize_deathbox,
          minmay_the_grid_square_5x5_prize_monsterx,
          minmay_the_grid_square_5x5_minibox, minmay_the_grid_square_5x5_n,
          minmay_the_grid_square_5x5_prize_waves,
          minmay_the_grid_square_5x5_prize_rear_guard,
          minmay_the_grid_square_5x5_lines, minmay_the_grid_square_5x5_empty,
          minmay_the_grid_square_5x5_intrusive_squares,
          minmay_the_grid_square_5x5_eight,
          minmay_the_grid_square_5x5_checkered_statues], layout_gridlike,
          infiniplex_staircase_pillars_2, minmay_room_of_horrors, hell_entry,
          roderic_serpentine_path, minmay_statues_item, kennysheep_cross_room,
          serial_bayou_shore_b
Depths:4: grunt_crosshair, layout_honeycomb, hex_tiny, pf_hell_entry_tar_river,
          serial_bayou_shore_b
Zot:1:    layout_cellular_growth, grunt_megastairs_5
Zot:2:    layout_concentric_octagons, lemuel_elevator
Zot:3:    layout_cellular_growth
Zot:4:    layout_concentric_octagons, st_single_dragon_hoard_1,
          hangedman_spider_trapstep
Zot:5:    layout_concentric_octagons

Skill      XL: |  1  2  3  4  5  6  7  8  9 10 11 12 13 14 15 16 17 18 19 20 21 22 23 24 25 26 27 |
---------------+----------------------------------------------------------------------------------+-----
Fighting       | 1 2 3 4 8 11 13 14 15 16 17 18 19 20 21 22 24 | 24.3
Dodging        | 2 3 5 8 9 10 11 12 13 14 15 17 | 17.0
Armour         | 4 5 6 8 9 10 11 12 13 14 15 | 15.0
Throwing       | 1 2 3 |  3.0
Evocations     | 1 2 3 5 |  5.0
Shields        | 1 2 3 4 5 8 9 10 11 12 13 14 | 14.0
Spellcasting   | 2 3 4 5 7 8 12 | 12.6
Conjurations   | 2 3 4 6 7 8 9 10 11 12 14 15 16 17 19 | 19.0
Polearms       | 5 6 10 13 15 16 17 19 | 19.7
Invocations    | 3 5 7 8 9 10 11 12 13 | 13.0
Maces & Flails | 6 10 11 13 14 15 | 15.0
Earth Magic    | 1 4 6 8 9 11 13 | 13.0
Stealth        | 2 |  2.0
Air Magic      | 3 4 6 |  6.0
Fire Magic     | 2 5 6 7 |  7.0
Ranged Weapons | 3 5 |  5.0
Unarmed Combat | |  2.0

Action                   |  1- 3 |  4- 6 |  7- 9 | 10-12 | 13-15 | 16-18 | 19-21 | 22-24 | 25-27 || total
-------------------------+-------+-------+-------+-------+-------+-------+-------+-------+-------++-------
Melee: Spear             |   114 |   175 |   426 |   768 |       |       |       |       |       ||  1483
       Punch             |     2 |       |       |       |       |       |       |       |       ||     2
       Flail             |       |       |       |   242 |   966 |  1159 |  1299 |   656 |    22 ||  4344
       Trishula          |       |       |       |       |       |       |   149 |  1437 |  2870 ||  4456
       Unarmed           |       |       |       |       |       |       |       |     1 |       ||     1
 Fire: Sling             |       |       |       |       |       |       |       |     5 |       ||     5
Throw: Dart              |       |    10 |    24 |    35 |    33 |     7 |    13 |       |       ||   122
       Boomerang         |       |       |    11 |    57 |     3 |       |       |       |     2 ||    73
       Throwing net      |       |       |       |     2 |       |       |       |       |       ||     2
 Cast: Magic Dart        |       |       |     2 |   139 |   408 |   243 |   153 |   156 |   145 ||  1246
       Stone Arrow       |       |       |       |       |   222 |   537 |   321 |   189 |    66 ||  1335
       Static Discharge  |       |       |       |       |       |     9 |       |       |     2 ||    11
       Flame Wave        |       |       |       |       |       |       |     3 |     2 |     5 ||    10
       Iron Shot         |       |       |       |       |       |       |       |       |   143 ||   143
       Fireball          |       |       |       |       |       |       |       |       |    24 ||    24
Invok: Wall of Briars    |       |       |       |     3 |     2 |     2 |       |     2 |     3 ||    12
       Grow Ballistomyce |       |       |       |       |     4 |       |     1 |     1 |    12 ||    18
       Grow Oklob        |       |       |       |       |       |     3 |     5 |     4 |    14 ||    26
       Overgrow          |       |       |       |       |       |     1 |     2 |     3 |       ||     6
 Abil: Evoke Blink       |       |       |       |     1 |       |       |       |       |       ||     1
Evoke: Wand              |       |     2 |    17 |    21 |    12 |    17 |     9 |     6 |    10 ||    94
       Phantom mirror    |       |       |       |       |       |     2 |     1 |       |     2 ||     5
       Condenser vane    |       |       |       |       |       |     1 |     3 |     3 |     2 ||     9
       Lightning rod     |       |       |       |       |       |       |     1 |     1 |     8 ||    10
       Tin of tremorston |       |       |       |       |       |       |       |       |     1 ||     1
  Use: Scroll            |       |     5 |     8 |    17 |     9 |    13 |    13 |    14 |    19 ||    98
       Potion            |       |     1 |       |    12 |     2 |    11 |    10 |    12 |    30 ||    78
 Stab: Paralysed         |       |       |       |    13 |       |     2 |     1 |     4 |       ||    20
       Invisible         |       |       |       |     1 |     2 |    11 |    11 |    50 |    34 ||   109
       Confused          |       |       |       |       |     3 |       |       |       |     3 ||     6
       Sleeping          |       |       |       |       |       |     2 |     1 |     5 |     1 ||     9
       Distracted        |       |       |       |       |       |     2 |     5 |     7 |     7 ||    21
       Fleeing           |       |       |       |       |       |       |       |     1 |       ||     1
Armor: Scale mail        |    40 |    29 |       |   104 |       |       |   414 |   531 |   739 ||  1857
       Ring mail         |       |    25 |   138 |   206 |   394 |   487 |    96 |       |       ||  1346
       Skin              |       |       |       |     8 |       |       |       |       |     7 ||    15
Dodge: Dodged            |    32 |    66 |   192 |   420 |   436 |   603 |   754 |  1068 |  1228 ||  4799
Block: Buckler           |       |     7 |    77 |   202 |   196 |   198 |       |       |       ||   680
       Kite shield       |       |       |       |       |       |   246 |   754 |  1009 |  1274 ||  3283
       Reflection        |       |       |       |       |       |    39 |    83 |    36 |    26 ||   184

Table legend: (Time is in decaauts)
 A = Elapsed time spent in this place.
 B = Non-inter-level travel time spent in this place.
 C = Inter-level travel time spent in this place.
 D = Time resting spent in this place.
 E = Time spent auto-exploring this place.
 F = Levels seen in this place.
 G = Mean time per level.
                   A        B        C        D        E       F      G
               +--------+--------+--------+--------+--------+-----+--------+
         Total | 123763 | 114156 |   9607 |  45042 |  41850 |  54 | 2291.9 |
       Dungeon |  27612 |  23748 |   3864 |   6637 |  11591 |  15 | 1840.8 |
        Temple |    210 |    169 |     41 |      0 |    147 |   1 |  210.0 |
          Lair |  10688 |   9822 |    866 |   3160 |   4818 |   5 | 2137.6 |
         Swamp |   4683 |   4342 |    341 |    908 |   2231 |   4 | 1170.8 |
     Snake Pit |  14033 |  13657 |    376 |   7616 |   3040 |   4 | 3508.2 |
  Orcish Mines |   7075 |   6358 |    717 |   2822 |   1866 |   2 | 3537.5 |
   Elven Halls |  12650 |  12118 |    532 |   6226 |   3257 |   3 | 4216.7 |
        Vaults |  16971 |  15605 |   1366 |   5823 |   5756 |   5 | 3394.2 |
         Crypt |   4437 |   4071 |    366 |   1319 |   1191 |   3 | 1479.0 |
        Depths |   9423 |   8816 |    607 |   3064 |   3593 |   4 | 2355.8 |
           Zot |  14967 |  14440 |    527 |   7012 |   4203 |   5 | 2993.4 |
         Abyss |    823 |    823 |      0 |    450 |     40 |   2 |  411.5 |
         Sewer |    186 |    186 |      0 |      0 |    115 |   1 |  186.0 |
               +--------+--------+--------+--------+--------+-----+--------+

Top non-repeatable levels by time:
   Elf:2: 6006 daAuts
 Snake:4: 5437 daAuts
   Orc:2: 4764 daAuts
Vaults:2: 4694 daAuts
   Elf:3: 4112 daAuts
   Zot:5: 3987 daAuts
 Snake:2: 3761 daAuts
   Zot:1: 3536 daAuts
 Snake:3: 3513 daAuts
Vaults:4: 3366 daAuts
   Zot:4: 3294 daAuts
Depths:3: 3269 daAuts
    D:10: 3237 daAuts
Vaults:1: 3208 daAuts
Vaults:5: 3052 daAuts
